 Dungeon Crawl Stone Soup version 0.30.1-11-g7821555f0a (webtiles) character file.

Game seed: 1225252634734954437

67 SacredBeard the Sneak (level 3, -2/30 HPs)
             Began as a Draconian Wanderer on Nov 27, 2023.
             Slain by an orc
             ... wielding a +0 flail
              (8 damage)
             ... on level 3 of the Dungeon.
             The game lasted 00:06:30 (1956 turns).

SacredBeard the Sneak (Draconian Wanderer)          Turns: 1956, Time: 00:06:31

Health: -2/30      AC:  6    Str: 11    XL:     3   Next: 98%
Magic:  4/4        EV:  8    Int: 15    God:
Gold:   152        SH:  6    Dex: 12    Spells: 3/4 levels left

rFire   . . .        f - +0 dagger (venom)
rCold   . . .        k - +0 kite shield
rNeg    + . .        (body armour unavailable)
rPois   .            (helmet restricted)
rElec   .            l - scarf {harm}
rCorr   .            (no gloves)
SInv    .            c - +0 pair of boots
Will    .....        (no amulet)
Stlth   +++          h - ring of positive energy
HPRegen 0.25/turn    (no ring)
MPRegen 0.09/turn

%: harm (+30% outgoing, +20% incoming)
@: no status effects
A: AC +5, unfitting armour, cold-blooded
a: no special abilities


You were on level 3 of the Dungeon.
You visited 1 branch of the dungeon, and saw 3 of its levels.

You collected 152 gold pieces.

Inventory:

Hand Weapons
 f - a +0 dagger of venom (weapon)
Missiles
 d - 9 poisoned darts
Armour
 c - a +0 pair of boots (worn)
 k - a +0 kite shield (worn)
 l - a scarf of harm (worn)
Jewellery
 h - a ring of positive energy (left hand)
Scrolls
 a - 3 scrolls of identify {unknown}
 b - a scroll of butterflies
 g - a scroll of amnesia {unknown}
 i - a scroll of fog {unknown}
 j - a scroll of enchant armour {unknown}
 m - a scroll of vulnerability {unknown}
 q - a scroll of fear {unknown}
Potions
 e - a potion of degeneration {unknown}
 n - a potion of cancellation {unknown}
 o - a potion of curing {unknown}
 p - a potion of flight {unknown}


   Skills:
 + Level 2.7 Fighting
 + Level 4.5 Stealth
 - Level 1.0 Spellcasting
 - Level 2.0 Conjurations
 - Level 2.6 Hexes


You had 3 spell levels left.
You knew the following spells:

 Your Spells              Type           Power      Damage    Failure   Level
a - Slow                  Hex            32%        N/A       38%         1

Your spell library contained the following spells:

 Spells                   Type           Power      Damage    Failure   Level
 Kiss of Death            Conj/Necr      12%        2d6       63%         1
 Static Discharge         Conj/Air       6%         2-3/arc   77%         2
 Confusing Touch          Hex            8%         N/A       77%         3
 Iskenderun's Mystic Bla  Conj/Tloc      3%         2d3       100%        4
 Alistair's Intoxication  Tmut/Pois      0%         N/A       100%        5
 Blade Hands              Tmut           0%         N/A       100%        5
 Borgnjor's Vile Clutch   Necr/Erth      0%         N/A       100%        5
 Eringya's Noxious Bog    Tmut/Pois      0%         N/A       100%        6
 Iron Shot                Conj/Erth      1%         9d1       100%        6
 Animate Armour           Summ/Erth      Unusable   N/A       N/A         4

Dungeon Overview and Level Annotations

Branches:
Dungeon (3/15) Zot: 16033

Altars:

Shops:
D:1 !


Innate Abilities, Weirdness & Mutations

Your plain brown scales are hard. (AC +5)
You cannot fit into any form of body armour.
You are cold-blooded and may be slowed by cold attacks.


Message History

The orc hits you with a +0 club. The orc barely misses you.
The orc closely misses you. The orc hits you with a +0 club.
The rat bites you but does no damage.
You hit the orc but do no damage. You block the rat's attack.
The orc hits you with a +0 club. You block the orc's attack.
You hit the orc but do no damage.
The orc is poisoned.
The rat bites you but does no damage. The orc hits you with a +0 club.
The orc closely misses you.
You are too injured to fight recklessly!
You are too injured to fight recklessly!
You are too injured to fight recklessly!
The orc attacks as you move away! The orc hits you but does no damage.
The orc shouts!
You hit the orc.
The orc is poisoned.
The orc is severely wounded.
The orc barely misses you.
You hit the orc.
You kill the orc! x2
The rat bites you.
You hit the rat.
You kill the rat!
You closely miss the orc. You block the orc's attack.
You hit the orc but do no damage.
The orc is poisoned.
The orc hits you with a +0 flail. The orc hits you but does no damage.
You hit the orc but do no damage. You tail-slap the orc.
The orc is heavily wounded.
The orc barely misses you.
You barely miss the orc.
The orc is heavily wounded.
The orc hits you with a +0 flail.
* * * LOW HITPOINT WARNING * * *
You hit the orc but do no damage.
The orc looks even sicker.
Your tail-slap misses the orc.
The orc is heavily wounded.
The orc hits you with a +0 flail.
* * * LOW HITPOINT WARNING * * *
You hit the orc but do no damage. You tail-slap the orc.
You kill the orc!
You closely miss the orc. The orc hits you with a +0 flail!
You die...

### #.# # #.#
#### #.# #.. ..
##.# #.. ##
#..# #.. #.##
#.# ##.####.#
#.#
...^....####.#
#####.....##@#
##.##..#o##.###
#.....)........
#.##o.###......
#.#....o#......
#.#.###........
.... ........
...# ..#####
#..#. ..#


You could see an orc.

Vanquished Creatures
  2 adders
  3 orcs (D:3)
  2 bats
  3 endoplasms
  3 giant cockroaches
  9 goblins
  2 hobgoblins
  7 kobolds
  A quokka (D:2)
  4 ball pythons
  3 frilled lizards
  4 rats
43 creatures vanquished.

Notes
Turn   | Place    | Note
-------+----------+-------------------------------------------
     0 | D:1      | SacredBeard the Draconian Wanderer began the quest for the
                  | Orb.
     0 | D:1      | SacredBeard set off with the following items: a +0 dagger,
                  | a scroll of butterflies, a +0 pair of boots; and the
                  | following spells available to memorise: Slow, Kiss of
                  | Death, Static Discharge, Confusing Touch, Iskenderun's
                  | Mystic Blast.
     0 | D:1      | Reached XP level 1. HP: 14/14 MP: 2/2
     2 | D:1      | Learned a level 1 spell: Slow
   291 | D:1      | Reached skill level 1 in Fighting
   301 | D:1      | Found a faded altar of an unknown god.
   339 | D:1      | Found Vopaisih's Distillery.
   470 | D:1      | Reached XP level 2. HP: 23/23 MP: 3/3
   619 | D:1      | Reached skill level 4 in Stealth
  1357 | D:2      | Reached XP level 3. HP: 29/29 MP: 4/4
  1956 | D:3      | Slain by an orc

Illustrated notes

Levels and vault maps discovered:
D:1:      evilmike_arrival_crescent, layout_loops_ring,
          ebering_ecumenical_altar_sacrificial, serial_shops, shop,
          ebering_dispersal_statue_hall, solitary_fountain
D:2:      layout_basic
D:3:      layout_rooms, serial_shops, shop

Skill      XL: |  1  2 |
---------------+-------+-----
Fighting       | 1 2 |  2.7
Stealth        | 4 |  4.5
Spellcasting   | |  1.0
Conjurations   | |  2.0
Hexes          | |  2.6

Action                     || total
---------------------------++-------
  Melee: Dagger            ||   142
         Tailslap          ||    14
   Cast: Slow              ||    16
   Stab: Sleeping          ||     4
 Armour: Skin              ||    58
  Dodge: Dodged            ||    73
  Block: Kite shield       ||     9
